 Dungeon Crawl Stone Soup version 0.27-a0-1136-g0b992a5a9d (webtiles) character file.

Game seed: 12665163345402052374

42 LordDeathwing the Bolt Thrower (level 3, -8/22 HPs)
             Began as a Kobold Hunter on May 5, 2021.
             Mangled by Terence
             ... wielding a +0 falchion
              (9 damage)
             ... on level 2 of the Dungeon.
             The game lasted 00:07:29 (1519 turns).

LordDeathwing the Bolt Thrower (Kobold Hunter)      Turns: 1519, Time: 00:07:29

Health: -8/22      AC:  4    Str: 10    XL:     3   Next: 77%
Magic:  3/3        EV: 14    Int: 12    God:
Gold:   41         SH:  0    Dex: 15    Spells: 2/2 levels left

rFire    . . .     SeeInvis .   b - +0 short sword
rCold    . . .     Faith    .   (shield restricted)
rNeg     . . .     Spirit   .   c - +0 leather armour
rPois    .         Reflect  .   (no helmet)
rElec    .         Harm     .   (no cloak)
rCorr    .         Rampage  .   j - +0 pair of gloves
Will     .....                  (no boots)
Stlth    +++.......             (no amulet)
HPRegen  0.07/turn              (no ring)
MPRegen  0.08/turn              (no ring)

@: no status effects
A: small, no large weapons, nightstalker 3
a: no special abilities


You were on level 2 of the Dungeon.
You visited 1 branch of the dungeon, and saw 2 of its levels.

You collected 41 gold pieces.

Inventory:

Hand Weapons
 a - a +1 hand crossbow
 b - a +0 short sword (weapon)
Armour
 c - a +0 leather armour (worn)
 j - a +0 pair of gloves (worn)
Scrolls
 g - 2 scrolls of identify {unknown}
Potions
 e - a potion of lignification {unknown}
 f - 2 potions of curing
 h - a potion of flight {unknown}
 i - a potion of mutation {unknown}


   Skills:
 + Level 2.5 Fighting
 + Level 1.3 Short Blades
 + Level 5.1 Crossbows
 + Level 2.8 Dodging
 * Level 3.0 Stealth


You had 2 spell levels left.
You didn't know any spells.
Your spell library was empty.

Dungeon Overview and Level Annotations

Branches:
Dungeon (2/15)

Altars:

Shops:
D:1 :

Annotations:
D:2 Terence


Innate Abilities, Weirdness & Mutations

You are small and have problems with some larger weapons.
You are completely attuned to the shadows.


Message History

Aim: an adder (51% to hit)
You shoot a bolt. The bolt hits the adder!
You kill the adder!
Your Stealth skill increases to level 3!
d - a bolt You start resting.
HP restored.
There is a stone staircase leading down here.
You climb downwards.
Level annotation: Terence Terence barely misses you.
There is a stone staircase leading up here.
Fire: bolt
Press: ? - help, Q - select action Shift-Dir - straight line, f - Terence
Aim: Terence, wielding a +0 falchion and wearing a +0 ring mail (69% to hit)
You shoot a bolt. The bolt hits Terence.
Terence is lightly wounded.
Terence hits you with a +0 falchion.
b - a +0 short sword (weapon)
You completely miss Terence.
Terence is lightly wounded.
Terence hits you with a +0 falchion.
You closely miss Terence.
Terence is lightly wounded.
Terence barely misses you.
You hit Terence but do no damage.
Terence is lightly wounded.
Terence closely misses you.
You hit Terence but do no damage.
Terence is lightly wounded.
Terence hits you with a +0 falchion.
You barely miss Terence.
Terence is lightly wounded.
Terence hits you with a +0 falchion!
* * * LOW HITPOINT WARNING * * *
You hit Terence.
Terence is moderately wounded.
Terence shouts, "Get ready for death!"
Terence hits you with a +0 falchion!
You die...

#.##.##..##. #.##<##.†##.#
#.##.....##.# ##+## ####
#.##........# ##...###...
#.##..##.##.# ##.....##.##
#.##..##.##.###.......#.##
#...........##..........##
####.)....@..'............
#.##..@#.##..........##
#.##..##.###.......#...
#.##.###.# ##.....##...
#..... ..# ##...###### ##
##+## ...


You could see Terence.

Vanquished Creatures
  An adder (D:1)
  A worm (D:2)
  2 dart slugs (D:1)
  3 ball pythons
  2 bats (D:2)
  An endoplasm (D:1)
  2 giant cockroaches (D:1)
  2 goblins (D:1)
  2 jackals (D:2)
  3 kobolds (D:1)
  6 rats
25 creatures vanquished.

Notes
Turn   | Place    | Note
-------+----------+-------------------------------------------
     0 | D:1      | LordDeathwing the Kobold Hunter began the quest for the
                  | Orb.
     0 | D:1      | Reached XP level 1. HP: 12/12 MP: 1/1
   104 | D:1      | Reached XP level 2. HP: 18/18 MP: 2/2
   419 | D:1      | Found Wueschere's Book Boutique.
   524 | D:1      | Reached skill level 5 in Crossbows
   832 | D:1      | Reached skill level 1 in Short Blades
   965 | D:1      | Reached XP level 3. HP: 22/22 MP: 3/3
  1233 | D:2      | Noticed Terence
  1518 | D:2      | HP: 1/22 [Terence/+0 falchion (9)]
  1519 | D:2      | Mangled by Terence

Illustrated notes

Levels and vault maps discovered:
D:1:      dpeg_arrival_boxes_within_box, layout_basic, serial_shops,
          nicolae_shop_trees
D:2:      layout_loops_corners, uniq_crazy_yiuf_cottage, uniq_sigmund,
          uniq_terence

Skill      XL: |  1  2  3 |
---------------+----------+-----
Stealth        | 2 3 |  3.0
Crossbows      | 5 |  5.1
Short Blades   | 1 |  1.3
Fighting       | |  2.5
Dodging        | |  2.8

Action                   || total
-------------------------++-------
Melee: Short sword       ||     6
 Fire: Hand crossbow     ||    59
Armor: Leather armour    ||     4
Dodge: Dodged            ||    22

Table legend: (Time is in decaauts)
 A = Elapsed time spent in this place.
 B = Non-inter-level travel time spent in this place.
 C = Inter-level travel time spent in this place.
 D = Time resting spent in this place.
 E = Time spent auto-exploring this place.
 F = Levels seen in this place.
 G = Mean time per level.
                   A        B        C        D        E       F      G
               +--------+--------+--------+--------+--------+-----+--------+
         Total |   1534 |   1514 |     20 |    369 |    981 |   2 |  767.0 |
       Dungeon |   1534 |   1514 |     20 |    369 |    981 |   2 |  767.0 |
               +--------+--------+--------+--------+--------+-----+--------+

Top non-repeatable levels by time:
     D:1: 1246 daAuts
     D:2: 288 daAuts
